 Dungeon Sprint DCSS version 0.18-a0-1203-gbde16db (webtiles) character file.

13516 Enroth the Fencer (level 11, -6/111 HPs)
             Began as a Pale Draconian Berserker on Feb 1, 2016.
             Was a High Priest of Trog.
             Shot with an arrow by a centaur warrior (8 damage)
             ... in the Dungeon (Sprint IX: "|||||||||||||||||||||||||||||").
             The game lasted 00:16:45 (2443 turns).

Enroth the Fencer (Pale Draconian Berserker)        Turns: 2443, Time: 00:16:46

Health: -6/111     AC: 15    Str: 24    XL:     11   Next: 76%
Magic:  4/4        EV: 18    Int:  8    God:    Trog [*****.]
Gold:   1118       SH:  0    Dex: 12    Spells: 0 memorised, 10 levels left

rFire  . . .     SeeInvis .     x - +9 triple sword (antimagic)
rCold  . . .     Gourm    .     (armour unavailable)
rNeg   . . .     Faith    .     (shield currently unavailable)
rPois  .         Spirit   .     (helmet restricted)
rElec  .         Dismiss  .     B - +1 cloak
rCorr  .         Reflect  .     C - +2 pair of gloves
SustAt .         Harm     +     D - +2 pair of boots
MR     +....     NoTele   +     v - amulet of harm
Stlth  ++........               p - +3 ring of strength
                                r - ring of protection from magic

@: somewhat resistant to hostile enchantments, unstealthy
A: breathe steam, unfitting armour, cold-blooded, AC +7
a: Breathe Steam, Berserk, Trog's Hand, Brothers in Arms, Burn Spellbooks,
Renounce Religion


You were in the Dungeon.
You worshipped Trog.
Trog was extremely pleased with you.
You were not hungry.

You visited 1 branch You collected 1858 gold pieces.
You spent 740 gold pieces at shops.

Inventory:

Hand Weapons
 a - a +2 triple sword of slicing
 m - a +4 scimitar of holy wrath
 x - a +9 antimagic triple sword (weapon)
 y - the +3 long sword "Saonim" {slice, rN++ Str+4}
   (Trog gifted it to you in the Dungeon)

   It inflicts extra damage upon your enemies.
   It affects your strength (+4).
   It greatly protects you from negative energy.
 I - a +6 dire flail
Armour
 B - a +1 cloak (worn)
 C - a +2 pair of gloves (worn)
 D - a +2 pair of boots (worn)
Jewellery
 p - a +3 ring of strength (right hand)
 r - a ring of protection from magic (left hand)
 v - an amulet of harm (around neck)
Wands
 l - a wand of draining (4/15)
Scrolls
 h - 2 scrolls of blinking
 k - 3 scrolls of remove curse
 u - 2 scrolls of identify
 w - 2 scrolls of fear
 G - a scroll of recharging
Potions
 c - 8 potions of curing
 d - 12 potions of heal wounds
 e - 2 potions of haste
 f - 4 potions of magic
 g - a potion of berserk rage
 i - a potion of brilliance
 j - 2 potions of invisibility
 q - 2 potions of cure mutation
 E - a potion of resistance
Comestibles
 b - 13 bread rations
 s - 13 meat rations
 z - 37 fruits


   Skills:
 + Level 14.6 Fighting
 * Level 20.7 Long Blades
 + Level 12.7 Dodging
 + Level 4.6 Stealth
 + Level 1.9 Evocations


You had 10 spell levels left.
You didn't know any spells.

Dungeon Overview and Level Annotations

Branches:
Dungeon (1/1)

Altars:
Cheibriados
Dithmenos
Elyvilon
Fedhas
Gozag
Kikubaaqudgha
Makhleb
Nemelex Xobeh
Okawaru
Pakellas
Qazlal
Ru
Sif Muna
Trog
Vehumet
Xom
Yredelemnul
Zin
The Shining One
Beogh
Jiyva
Lugonu

Shops:
D !}=[


Innate Abilities, Weirdness & Mutations

You can breathe blasts of scalding, opaque steam.
Your pale cyan-grey scales are hard (AC +7).
Your body does not fit into most forms of armour.
You are cold-blooded and may be slowed by cold attacks.


Message History

You continue eating. x2
There is an open door to the Dungeon, spattered with blood here.
Things that are here:
a large rock; a glowing triple sword {god gift}
a - a glowing triple sword {god gift}
Items here: ( ) [ †† a battleaxe; a chain mail; 4 large rocks; an orc corpse; a cyclops corpse You feel magic returning to you.
a - a +2 triple sword of slicing (weapon)
You feel magic leave you.
x - a +9 antimagic triple sword (weapon)
You see here 2 large rocks.
Items here: ( ) [ ††† A centaur warrior comes into view.
The centaur warrior wields a shortbow.
The centaur warrior shoots an arrow.
The arrow hits you!!
* * * LOW HITPOINT WARNING * * *
You see here an arrow.
The centaur warrior shoots an arrow.
The arrow hits you!
You die...

▓▓▓▓▓▓▓▓▓▓▓▓▓▓▓▓▓▓▓▓▓
+c..@(.....)(.)('....
▓▓▓▓▓▓▓▓▓▓▓▓▓▓▓▓▓▓▓▓▓▓▓▓▓▓▓▓▓▓▓
▓..............................
▓.▓▓▓▓▓▓▓▓▓▓▓▓▓▓▓▓▓▓▓▓▓▓▓▓▓▓▓▓▓
▓.........'..).)∩)∩.∩)∩))))))..
▓▓▓▓▓▓▓▓▓▓▓▓▓▓▓▓▓▓▓▓▓▓▓▓▓▓▓▓▓▓▓
▓..............................
▓.▓▓▓▓▓▓▓▓▓▓▓▓▓▓▓▓▓▓▓▓▓▓▓▓▓▓▓▓▓
▓....'..[[[[..')).........†'...


You could see a centaur warrior.

Vanquished Creatures
  A centaur warrior (D)
  An unseen horror (D)
  10 orc sorcerers (D)
  2 cyclopes (D)
  2 spiny frogs (D)
  A tengu conjurer (D)
  A troll (D)
  A blink frog (D)
  A slime creature (D)
  A wyvern (D)
  2 yaks (D)
  2 hippogriffs (D)
  3 water moccasins (D)
  A hell hound (D)
  A porcupine (D)
  7 orc warriors (D)
  A wasp (D)
  A sky beast (D)
  An ogre (D)
  3 giant frogs (D)
  A scorpion (D)
  2 crimson imps (D)
  A hound (D)
  An orc priest (D)
  7 orc wizards (D)
  An iguana (D)
  3 worker ants (D)
  A sheep (D)
  2 river rats (D)
  An ooze (D)
  An adder skeleton (D)
  6 orcs (D)
  A goblin (D)
  A hobgoblin (D)
  2 bats (D)
  A quokka skeleton (D)
75 creatures vanquished.

Vanquished Creatures (collateral kills)
  A stone giant (D)
  A fire dragon (D)
  2 ice dragons (D)
  A fire crab (shapeshifter) (D)
  3 orc knights (D)
  An orc sorcerer (D)
  A cyclops (D)
  2 wolves (D)
  4 wargs (D)
  A hell hound (D)
  A sky beast (D)
  An orc warrior (D)
  An orc priest (D)
  2 orcs (D)
  A jackal zombie (D)
23 creatures vanquished.

Vanquished Creatures (others)
  A wizard (D)
  An adder zombie (D)
2 creatures vanquished.

Grand Total: 100 creatures vanquished

Notes
Turn   | Place    | Note
--------------------------------------------------------------
     0 | D        | Enroth the Draconian Berserker began the quest for the Orb.
     0 | D        | Reached XP level 1. HP: 19/19 MP: 1/1
     9 | D        | Reached ** piety under Trog
    16 | D        | Reached skill level 4 in Fighting
    16 | D        | Reached XP level 2. HP: 20/27 MP: 2/2
    93 | D        | Noticed a scorpion
    93 | D        | Noticed an ogre
    96 | D        | Reached *** piety under Trog
    96 | D        | Reached skill level 5 in Long Blades
    96 | D        | Reached XP level 3. HP: 35/35 MP: 3/3
    98 | D        | Reached skill level 5 in Fighting
    99 | D        | Killed an ogre
    99 | D        | Reached skill level 6 in Fighting
    99 | D        | Reached skill level 7 in Long Blades
    99 | D        | Reached skill level 5 in Dodging
    99 | D        | Reached XP level 4. HP: 45/45 MP: 4/4
    99 | D        | Reached XP level 5. HP: 51/51 MP: 5/5
   105 | D        | Reached **** piety under Trog
   105 | D        | Reached skill level 8 in Long Blades
   228 | D        | Found a glowing silver altar of Zin.
   228 | D        | Found a glowing golden altar of the Shining One.
   228 | D        | Found an ancient bone altar of Kikubaaqudgha.
   228 | D        | Found a basalt altar of Yredelemnul.
   228 | D        | Found a shimmering altar of Xom.
   228 | D        | Found a radiant altar of Vehumet.
   229 | D        | Found an iron altar of Okawaru.
   230 | D        | Found a burning altar of Makhleb.
   231 | D        | Found a deep blue altar of Sif Muna.
   232 | D        | Found a bloodstained altar of Trog.
   233 | D        | Found a sparkling altar of Nemelex Xobeh.
   234 | D        | Found a white marble altar of Elyvilon.
   235 | D        | Found a roughly hewn altar of Beogh.
   236 | D        | Found a viscous altar of Jiyva.
   237 | D        | Found a corrupted altar of Lugonu.
   238 | D        | Found a blossoming altar of Fedhas.
   239 | D        | Found a snail-covered altar of Cheibriados.
   240 | D        | Found a shadowy altar of Dithmenos.
   241 | D        | Found a stormy altar of Qazlal.
   242 | D        | Found an opulent altar of Gozag.
   243 | D        | Found a sacrificial altar of Ru.
   244 | D        | Found an oddly glowing altar of Pakellas.
   285 | D        | Noticed a wasp
   285 | D        | Noticed a sky beast
   290 | D        | Reached skill level 9 in Long Blades
   293 | D        | Reached XP level 6. HP: 57/60 MP: 6/6
   297 | D        | Killed a sky beast
   297 | D        | Reached skill level 10 in Long Blades
   299 | D        | Paralysed by a wasp for 2 turns
   309 | D        | Reached ***** piety under Trog
   530 | D        | Noticed a sky beast
   530 | D        | Noticed a cyclops
   530 | D        | Noticed a troll
   530 | D        | Noticed a slime creature
   530 | D        | Noticed a centaur warrior
   540 | D        | Killed a centaur warrior
   540 | D        | Reached skill level 10 in Fighting
   540 | D        | Reached skill level 12 in Long Blades
   540 | D        | Reached skill level 1 in Stealth
   540 | D        | Reached XP level 7. HP: 49/72 MP: 7/7
   540 | D        | Your scales start taking on a pale cyan-grey colour.
   540 | D        | Reached XP level 8. HP: 53/79 MP: 8/8
   543 | D        | Killed a slime creature
   543 | D        | Received a gift from Trog
   543 | D        | Reached skill level 13 in Long Blades
   545 | D        | Killed a troll
   549 | D        | Killed a cyclops
   549 | D        | Received a gift from Trog
   549 | D        | Reached skill level 14 in Long Blades
   922 | D        | Noticed a spiny frog
   923 | D        | Reached XP level 9. HP: 89/89 MP: 9/9
   927 | D        | Noticed a spiny frog
   932 | D        | Reached skill level 10 in Dodging
   936 | D        | Killed a spiny frog
   939 | D        | Killed a spiny frog
   939 | D        | Reached skill level 15 in Long Blades
  1097 | D        | Received a gift from Trog
  1115 | D        | Reached skill level 16 in Long Blades
  1118 | D        | Reached ****** piety under Trog
  1125 | D        | Reached XP level 10. HP: 64/99 MP: 3/10
  1382 | D        | Noticed an orc sorcerer
  1385 | D        | Killed an orc sorcerer
  1385 | D        | Received a gift from Trog
  1400 | D        | Received a gift from Trog
  1418 | D        | Reached skill level 17 in Long Blades
  1419 | D        | Received a gift from Trog
  1563 | D        | Noticed an orc sorcerer
  1563 | D        | Noticed an orc knight
  1570 | D        | Noticed an orc knight
  1571 | D        | Noticed a rust devil
  1578 | D        | Killed an orc knight
  1581 | D        | Killed an orc sorcerer
  1582 | D        | Received a gift from Trog
  1583 | D        | Noticed an orc knight
  1585 | D        | Killed an orc knight
  1590 | D        | Killed an orc knight
  1616 | D        | Found Jubaong's Armour Boutique.
  1616 | D        | Noticed an orc sorcerer
  1616 | D        | Noticed an orc sorcerer
  1616 | D        | Noticed an orc sorcerer
  1616 | D        | Noticed an orc sorcerer
  1620 | D        | Noticed an orc sorcerer
  1620 | D        | Killed an orc sorcerer
  1620 | D        | Received a gift from Trog
  1620 | D        | Reached skill level 18 in Long Blades
  1624 | D        | Killed an orc sorcerer
  1625 | D        | Noticed a sixfirhy
  1629 | D        | Killed an orc sorcerer
  1630 | D        | Killed an orc sorcerer
  1630 | D        | Reached XP level 11. HP: 74/107 MP: 11/11
  1631 | D        | Noticed an orc sorcerer
  1631 | D        | Found Ukolai Core's Jewellery Shop.
  1633 | D        | Received a gift from Trog
  1634 | D        | Found James's Gadget Boutique.
  1635 | D        | Killed an orc sorcerer
  1638 | D        | Killed an orc sorcerer
  1639 | D        | Found Otzewn's Distillery.
  1640 | D        | Noticed an orc sorcerer
  1641 | D        | Received a gift from Trog
  1641 | D        | Reached skill level 19 in Long Blades
  1642 | D        | Noticed an orc sorcerer
  1644 | D        | Noticed an orc sorcerer
  1650 | D        | Killed an orc sorcerer
  1651 | D        | Killed an orc sorcerer
  1653 | D        | Killed an orc sorcerer
  1653 | D        | Received a gift from Trog
  1668 | D        | Bought a potion of curing for 30 gold pieces
  1668 | D        | Bought a potion of cure mutation for 250 gold pieces
  1668 | D        | Bought a potion of curing for 30 gold pieces
  1668 | D        | Bought a potion of haste for 100 gold pieces
  1673 | D        | Bought an uncursed amulet of harm for 330 gold pieces
  1676 | D        | Got a dazzling long sword {god gift}
  1677 | D        | Identified the +3 long sword "Saonim" {slice, rN++ Str+4} (Trog gifted it to you in the Dungeon)
  2337 | D        | Killed an unseen horror
  2342 | D        | Received a gift from Trog
  2342 | D        | Reached skill level 1 in Evocations
  2343 | D        | Noticed a wizard
  2350 | D        | Noticed an ice dragon
  2350 | D        | Reached skill level 20 in Long Blades
  2355 | D        | Noticed a fire dragon
  2360 | D        | Noticed an ice dragon
  2362 | D        | Killed a wizard
  2368 | D        | Killed an ice dragon
  2375 | D        | Killed a fire dragon
  2380 | D        | Noticed a stone giant
  2398 | D        | Killed an ice dragon
  2402 | D        | Noticed an orb spider
  2406 | D        | Killed a stone giant
  2407 | D        | Noticed a fire crab
  2409 | D        | Killed a fire crab
  2439 | D        | Noticed a centaur warrior
  2442 | D        | HP: 2/111 [centaur warrior/arrow (27)]
  2443 | D        | Shot with an arrow by a centaur warrior

Vault maps used:
D:        linesprint

Action                   |  1- 3 |  4- 6 |  7- 9 | 10-12 || total
-------------------------+-------+-------+-------+-------++-------
Melee: Falchion          |    18 |     6 |       |       ||    24
       Scimitar          |       |    29 |    39 |       ||    68
       Great sword       |       |       |    25 |    75 ||   100
       Triple sword      |       |       |       |    18 ||    18
Invok: Berserk           |     1 |     2 |     1 |       ||     4
       Brothers in Arms  |       |       |     1 |    10 ||    11
 Abil: Breathe Steam     |       |       |     1 |     1 ||     2
Evoke: Wand              |       |       |       |     3 ||     3
  Use: Scroll            |       |       |     2 |     6 ||     8
       Potion            |       |       |       |     1 ||     1
 Stab: Distracted        |       |     1 |       |       ||     1
  Eat: Chunk             |       |     1 |     4 |     3 ||     8
       Fruit             |       |       |       |     3 ||     3
